Map: Disco Bloodbath LE

Players

ShoWTimE - Winner!

  • Race: Protoss Protoss
  • Spawn Location: 9:00

NYK

  • Race: Zerg Zerg
  • Spawn Location: 3:00

VOD

Have the link to the VOD?

Description

Time

  • Played on: Sept. 6, 2019, 12:35 p.m.
  • Length: 5:44
Show
View Real Time Build Order
Export as new Build Order

ShoWTimE Protoss - Winner!

Build Orders: 1 Gate Expand 

Get SALT Encoding   

  12  0:00  Probe  
  13  0:12  Probe  
  14  0:18  Pylon  
  14  0:24  Probe  
  15  0:32  Probe  
  15  0:38  Gateway  
  15  0:40  Probe  
  16  0:46  Assimilator  
  17  0:51  Probe  
  18  1:03  Probe  
  19  1:15  Probe  
  20  1:25  Cybernetics Core  
  20  1:32  Nexus  
  20  1:35  Probe  
  21  1:42  Pylon  
  21  1:48  Probe  
  21  1:50  Assimilator  
  21  1:52  Adept  
  22  2:00  Probe  
  23  2:02  Warp Gate  
  25  2:12  Probe, Adept  
  28  2:24  Probe  
  28  2:27  Robotics Facility  
  29  2:34  Stalker  
  29  2:36  Probe  
  30  2:44  Probe  
  30  2:48  Probe  
  34  2:56  Probe  
  35  3:00  Probe  
  35  3:01  Gateway  
  36  3:07  Warp Prism  
  36  3:08  Probe  
  36  3:12  Probe  
  40  3:20  Probe  
  40  3:24  Probe  
  42  3:33  Pylon  
  43  3:35  Immortal  
  46  3:53  Gateway  
  46  3:55  Sentry  
  46  3:56  Sentry  
  46  4:00  Gateway  
  50  4:04  Gateway  
  50  4:07  Gateway  
  50  4:17  Gateway  
  50  4:20  Gateway  
  50  4:21  Pylon  
  51  4:26  Zealot  
  53  4:33  Pylon  
  53  4:35  Pylon  
  52  4:39  Adept  
  54  4:46  Pylon  
  54  4:59  Stalker x4  
  62  5:00  Stalker  
  62  5:01  Stalker  
  66  5:21  Adept x2  
  66  5:22  Zealot  
  66  5:23  Zealot x3  
  66  5:25  Zealot  
  78  5:42  Pylon, Adept x4  
Show
View Real Time Build Order
Export as new Build Order

NYK Zerg 

Build Orders: Hatch First 

Get SALT Encoding   

  12  0:00  Drone  
  13  0:12  Overlord  
  13  0:19  Drone  
  14  0:32  Drone x2  
  16  0:49  Hatchery  
  15  0:52  Drone  
  15  0:55  Drone  
  17  1:04  Drone  
  18  1:11  Extractor  
  18  1:18  Spawning Pool  
  16  1:20  Drone x2  
  18  1:33  Drone  
  19  1:44  Overlord  
  19  1:54  Drone  
  20  2:06  Zergling x4  
  20  2:07  Queen x2  
  26  2:13  Metabolic Boost  
  26  2:17  Drone x2  
  28  2:24  Drone x2  
  30  2:45  Hatchery  
  30  2:46  Queen  
  31  2:52  Pneumatized Carapace  
  31  2:58  Overlord, Drone x2  
  32  3:14  Overlord, Drone x3  
  35  3:23  Zergling x10  
  39  3:32  Spore Crawler  
  37  3:40  Drone x4  
  41  3:49  Overlord  
  41  3:55  Lair  
  41  3:59  Queen  
  43  4:04  Zergling x10  
  43  4:08  Overlord  
  48  4:18  Drone  
  48  4:19  Drone x5  
  54  4:28  Drone  
  54  4:29  Drone x2  
  54  4:31  Extractor  
  56  4:33  Extractor  
  56  4:34  Drone  
  56  4:35  Drone x2  
  57  4:42  Roach Warren  
  53  4:55  Zergling x6  
  53  4:56  Zergling x8  
  59  5:00  Spine Crawler x2  
  59  5:02  Queen  
  59  5:11  Zergling x2  
  59  5:12  Zergling x10  
  65  5:20  Zergling x8  
  62  5:23  Roach  
  62  5:24  Roach  
Tags
 
Add a new tag
Caveats
  • Supply blocks, unpowered buildings, or Contaminate may cause inaccurate times.
  • Supply counts are checked every 10 seconds.